 Dungeon Crawl Stone Soup version 0.28.0-49-g6dfe1f597d (webtiles) character file.

Game seed: 14206901860549676129

60 Peloso the Covered (level 3, 0/33 HPs)
             Began as a Minotaur Fighter on May 18, 2022.
             Slain by Grinder (9 damage)
             ... on level 3 of the Dungeon.
             The game lasted 00:02:30 (1972 turns).

Peloso the Covered (Minotaur Fighter)               Turns: 1972, Time: 00:02:31

Health: 0/33       AC:  8    Str: 20    XL:     3   Next: 80%
Magic:  2/2        EV:  9    Int:  5    God:
Gold:   66         SH:  4    Dex: 11    Spells: 2/2 levels left

rFire   . . .      SeeInvis .   a - +0 long sword
rCold   . . .      Faith    .   c - +0 buckler
rNeg    . . .      Spirit   .   b - +0 scale mail
rPois   .          Reflect  .   (helmet restricted)
rElec   .          Harm     .   (no cloak)
rCorr   .          Rampage  .   (no gloves)
Will    .....                   l - +0 pair of boots
Stlth   ..........              (no amulet)
HPRegen 0.11/turn               (no ring)
MPRegen 0.08/turn               (no ring)

@: no status effects
A: horns 2, retaliatory headbutt
a: no special abilities


You were on level 3 of the Dungeon.
You visited 1 branch of the dungeon, and saw 3 of its levels.

You collected 66 gold pieces.

Inventory:

Hand Weapons
 a - a +0 long sword (weapon)
Armour
 b - a +0 scale mail (worn)
 c - a +0 buckler (worn)
 l - a +0 pair of boots (worn)
Jewellery
 f - a ring of fire
Scrolls
 e - a scroll of identify {unknown}
 i - a scroll of fog {unknown}
 j - a scroll of enchant weapon {unknown}
 k - a scroll of acquirement {unknown}
Potions
 d - a potion of might
 h - a potion of heal wounds


   Skills:
 + Level 4.1 Fighting
 + Level 3.0 Long Blades
 + Level 4.4 Armour
 + Level 0.2 Dodging
 + Level 0.1 Stealth
 + Level 4.2 Shields


You had 2 spell levels left.
You didn't know any spells.
Your spell library contained the following spells:

 Spells                   Type           Power      Damage    Failure   Level
 Sting                    Tmut/Pois      0%         1d3       88%         1
 Poisonous Vapours        Pois/Air       0%         N/A       96%         2
 Stone Arrow              Conj/Erth      0%         3d7       99%         3
 Animate Armour           Summ/Erth      0%         N/A       100%        4
 Olgreb's Toxic Radiance  Pois           0%         N/A       100%        4
 Lehudib's Crystal Spear  Conj/Erth      0%         10d2      100%        8


Dungeon Overview and Level Annotations

Branches:
Dungeon (3/15)

Altars:

Annotations:
D:3 Grinder


Innate Abilities, Weirdness & Mutations

You have a pair of horns on your head.
You reflexively headbutt those who attack you in melee.


Message History

You block the bat's attack.
You hit the bat.
You kill the bat!
You see here a bat corpse.
You see here a +0 whip.
You see here 14 stones.
Done exploring.
Done exploring.
Done exploring.
(D) Dungeon
Where to? (? - help)
What level of the Dungeon? (default 1, ? - help)
You see here 14 stones.
There is a stone staircase leading down here.
You climb downwards.
The ball python hisses angrily.
Found 21 gold pieces.
Found a stone staircase leading down.
There is a stone staircase leading up here.
A ball python is nearby!
A ball python is nearby!
A ball python is nearby!
You block the ball python's attack. The ball python grabs you.
The ball python constricts you.
You hit the ball python.
You kill the ball python!
Grinder comes into view.
Grinder shouts!
Grinder hits you!
You writhe in agony.
Things that are here:
12 gold pieces; a +0 dagger You closely miss Grinder.
Grinder hits you but does no damage.
You hit Grinder.
Grinder is lightly wounded.
Grinder barely misses you. You furiously retaliate!
You headbutt Grinder, but do no damage. Grinder hits you.
You writhe in agony.
* * * LOW HITPOINT WARNING * * *
You hit Grinder. You headbutt Grinder!
Grinder is heavily wounded.
Grinder hits you!
You die...

### ....###
.....# #..#.# ##
#..#.. ..#
#..#.##..##. #
#..5........
#.####.#@.......
#.......##.....
#.##............
#.#..#######. ..
#..# #.. #$.# #.
#..### # #<...#
#.......#.#


You could see Grinder.

Vanquished Creatures
  3 dart slugs
  4 bats
  2 endoplasms
  4 giant cockroaches
  2 hobgoblins (D:1)
  6 jackals
  6 kobolds
  A quokka (D:2)
  6 ball pythons
  7 goblins
  6 rats
47 creatures vanquished.

Vanquished Creatures (others)
  5 withered plants (D:2)
5 creatures vanquished.

Grand Total: 52 creatures vanquished

Notes
Turn   | Place    | Note
-------+----------+-------------------------------------------
     0 | D:1      | Peloso the Minotaur Fighter began the quest for the Orb.
     0 | D:1      | Reached XP level 1. HP: 19/19 MP: 0/0
   111 | D:1      | Reached XP level 2. HP: 24/27 MP: 1/1
   629 | D:1      | Reached XP level 3. HP: 32/33 MP: 2/2
  1365 | D:2      | Found a faded altar of an unknown god.
  1966 | D:3      | Noticed Grinder
  1972 | D:3      | Slain by Grinder

Illustrated notes

Levels and vault maps discovered:
D:1:      dpeg_arrival_morbid_curiosity, layout_basic, serial_rivers,
          chequers_serial_rivers_micro_a, chequers_serial_rivers_micro_a,
          chequers_serial_rivers_marsh, chequers_serial_rivers_micro_a,
          chequers_serial_rivers_large_b, chequers_serial_rivers_small_a
D:2:      layout_basic, ebering_ecumenical_altar_petrified,
          kennysheep_generic_room_13
D:3:      layout_loops_ring, gammafunk_temple_overflow_pools, uniq_grinder

Skill      XL: |  1  2  3 |
---------------+----------+-----
Fighting       | 4 |  4.1
Shields        | 4 |  4.2
Armour         | 4 |  4.4
Long Blades    | 3 |  3.0
Dodging        | |  0.2
Stealth        | |  0.1

Action                   || total
-------------------------++-------
Melee: Long sword        ||   103
       Headbutt          ||    21
  Use: Scroll            ||     1
       Potion            ||     1
Armor: Scale mail        ||    62
Dodge: Dodged            ||    44
Block: Buckler           ||    30
